 Dungeon Crawl Stone Soup version 0.29.1-1-gd02db6906a (webtiles) character file.

Game seed: 9403535874897815281

10706 MisterFreud the Cruncher (level 11, -1/135 HPs)
             Began as a Formicid Gladiator on Oct 10, 2022.
             Was an Initiate of Yredelemnul.
             Slain by a spriggan rider
             ... wielding a +0 spear
              (3 damage)
             ... on level 5 of the Lair of Beasts.
             The game lasted 00:19:27 (11979 turns).

MisterFreud the Cruncher (Formicid Gladiator)      Turns: 11979, Time: 00:19:28

Health: -1/135     AC: 25    Str: 22    XL:     11   Next: 97%
Magic:  17/17      EV:  2    Int:  7    God:    Yredelemnul [......]
Gold:   475        SH:  6    Dex: 17    Spells: 10/10 levels left

rFire   + . .      SeeInvis .   a - +3 quarterstaff (elec)
rCold   . . .      Faith    +   r - +0 buckler
rNeg    . . .      Spirit   .   (body armour currently unavailable)
rPois   +          Reflect  .   (helmet unavailable)
rElec   .          Harm     .   (cloak currently unavailable)
rCorr   .          Rampage  .   (gloves currently unavailable)
Will    ++...                   (boots currently unavailable)
Stlth   ++........              o - amulet of faith
HPRegen 0.32/turn               q - ring of protection from fire
MPRegen 0.15/turn               s - ring of willpower

@: lethally poisoned (-1 -> -2), tree-form
A: stationary, stasis, torment immunity, boosted hp, permanent stasis, dig
shafts and tunnels, (antennae 3), four strong arms
a: Renounce Religion, Recall Undead Harvest


You were on level 5 of the Lair of Beasts.
You worshipped Yredelemnul.
Yredelemnul was aware of your devotion.
You were a tree.
You visited 3 branches of the dungeon, and saw 14 of its levels.

You collected 475 gold pieces.

Inventory:

Hand Weapons
 a - a +3 quarterstaff of electrocution (weapon)
Missiles
 c - 5 throwing nets
 d - a javelin
 g - 9 poisoned darts (quivered)
 l - 10 boomerangs
Armour
 b - a +1 leather armour
 h - a +2 cloak (melded)
 r - a +0 buckler (worn)
 t - a +0 chain mail (melded)
Jewellery
 o - an amulet of faith (around neck)
 q - a ring of protection from fire (left branch)
 s - a ring of willpower (right branch)
 y - a ring of fire
Wands
 m - a wand of flame (23)
 v - a wand of paralysis (5)
 w - a wand of roots (6)
 B - a wand of mindburst (4)
Scrolls
 x - 2 scrolls of enchant armour
 A - a scroll of amnesia
Potions
 e - 2 potions of curing
 f - 2 potions of attraction
 i - 3 potions of might
 j - 3 potions of mutation
 k - 2 potions of lignification
 n - 2 potions of brilliance


   Skills:
 - Level 10.0 Fighting
 - Level 10.0 Staves
 - Level 2.0 Throwing
 + Level 7.1 Armour
 - Level 2.6 Dodging
 + Level 7.3 Shields
 + Level 8.8 Invocations
 + Level 6.0 Evocations


You had 10 spell levels left.
You didn't know any spells.
Your spell library contained the following spells:

 Spells                   Type           Power      Damage    Failure   Level
 Summon Small Mammal      Summ           0%         N/A       50%         1
 Call Canine Familiar     Summ           0%         N/A       86%         3
 Ozocubu's Armour         Ice            0%         N/A       86%         3
 Summon Guardian Golem    Hex/Summ       0%         N/A       86%         3
 Tukima's Dance           Hex            0%         N/A       86%         3
 Corpse Rot               Necr/Pois/Air  0%         N/A       99%         4
 Dispel Undead            Necr           0%         3d6       99%         4
 Passage of Golubria      Tloc           0%         N/A       99%         4
 Metabolic Englaciation   Hex/Ice        0%         N/A       100%        5
 Silence                  Hex/Air        0%         N/A       100%        5
 Yara's Violent Unravell  Hex/Tmut       0%         3d3       100%        5
 Lehudib's Crystal Spear  Conj/Erth      0%         10d2      100%        8
 Death Channel            Necr           Unusable   N/A       N/A         6
 Simulacrum               Ice/Necr       Unusable   N/A       N/A         6

Dungeon Overview and Level Annotations

Branches:
Dungeon (10/15)            Temple (1/1) D:6            Lair (2/5) D:10
  Swamp: Lair:2-3    Shoals: Lair:2-3     Snake: Lair:2-3    Spider: Lair:2-3
    Orc: D:9-12

Altars:
Ashenzari
Fedhas
Gozag
Hepliaklqana
Makhleb
Okawaru
Ru
Trog
Uskayaw
Vehumet
Xom
Yredelemnul

Shops:
D:5 :[

Annotations:
D:5 3 runed translucent doors, bworf's ghost, novice TrTm
D:8 Grum


Innate Abilities, Weirdness & Mutations

You are a tree.
Your roots penetrate the ground, keeping you stationary.
You cannot be teleported.
You are immune to unholy pain and torment.
Your maximum health is greatly increased.
Your equipment is partially melded.
You cannot be hasted, slowed, berserked, paralysed or teleported.
You can dig through walls and to a lower floor.
((You have a pair of large antennae on your head. (SInv)))
Your four strong arms can wield two-handed weapons with a shield.


Message History

Unknown command.
You nearly hit yourself!
You feel less invigorated.
You feel less confused.
You feel sick. The wolf bites you but does no damage.
The water moccasin bites you but does no damage.
The blink frog blinks!
You block the wolf's attack. The wolf bites you.
* * * LOW HITPOINT WARNING * * *
The spriggan rider hits you but does no damage.
You block the spriggan rider's attack.
The water moccasin bites you but does no damage.
Unknown command.
Unknown command.
Unknown command.
Unknown command.
It was a potion of flight.
Your roots keep you in place.
You feel sick.
The wolf bites you but does no damage. x2; The blink frog blinks!
The wolf bites you.
* * * LOW HITPOINT WARNING * * *
You block the water moccasin's attack.
The spriggan rider hits you but does no damage. x2
Unknown command.
Unknown command.
Unknown command.
Unknown command.
Unknown command.
Okay, then.
Unknown command.
Unknown command.
Unknown command.
Okay, then.
Unknown command.
You feel sick. You block the wolf's attack.
The wolf stops to sniff the ground.
The wolf bites you but does no damage. The water moccasin bites you.
* * * LOW HITPOINT WARNING * * *
The wolf barely misses you. The wolf bites you but does no damage.
You block the spriggan rider's attack.
The spriggan rider hits you from afar with a +0 spear.
You die...
Your body rises from the dead as a mindless zombie. { { . ... ♣♣♣♣Fhi.. ♣♣SihY♣ ♣ihh§ihhh♣ ♣hhh♣♣♣♣ii.. ♣hiF♣ ♣.. .Fli♣ .
F..hi .... ♣♣♣♣

You could see 3 spriggan riders, a polar bear, a komodo dragon, a yak, 4 blink frogs, a water moccasin, 2 black bears, 6 spriggans and 9 wolves.

Vanquished Creatures
  A hydra (Lair:4)
  A two-headed ogre (D:8)
  3 black mambas (Lair:1)
  4 elephants (Lair:4)
  Joseph (Lair:1)
  A cane toad (Lair:4)
  2 komodo dragons (Lair:1)
  A polar bear (Lair:2)
  2 slime creatures (D:8)
  A shadow (D:10)
  2 wyverns
  2 steam dragons (D:7)
  An acid dragon (D:10)
  4 water moccasins
  An ice beast (D:6)
  2 orc warriors
  3 black bears (D:10)
  8 wolves
  3 centaurs
  2 phantoms
  A kobold brigand (D:10)
  10 bullfrogs
  A necrophage (D:5)
  2 scorpions
  A crimson imp (D:7)
  2 hounds (D:5)
  A jelly (D:5)
  5 orc priests
  5 iguanas (D:6)
  5 orc wizards
  6 adders
  6 gnolls
  A river rat (D:6)
  A white imp (D:5)
  A worm (D:6)
  A dart slug (D:4)
  17 orcs
  7 bats
  4 endoplasms (D:3)
  6 giant cockroaches
  6 hobgoblins
  2 jackals (D:4)
  6 quokkas
  8 ball pythons
  4 frilled lizards
  6 goblins
  12 kobolds
  4 rats
176 creatures vanquished.

Vanquished Creatures (collateral kills)
  An elephant (Lair:4)
  A komodo dragon (Lair:1)
  A slime creature (D:8)
  A water moccasin (Lair:1)
  A wolf (Lair:1)
  A howler monkey (D:6)
  A hound (D:6)
  A jelly (D:6)
  A white imp (Lair:2)
  An orc (D:8)
10 creatures vanquished.

Vanquished Creatures (others)
  A hydra zombie (Lair:4)
  A cane toad zombie (Lair:4)
  3 elephant zombies (Lair:4)
  A wyvern zombie (Lair:1)
  2 water moccasin zombies
  3 wolf zombies
  5 bullfrog zombies
  A steam dragon zombie (D:7)
  2 iguana zombies (D:6)
  4 kobold zombies (D:10)
  3 orc zombies
  36 fungi
  32 plants
94 creatures vanquished.

Grand Total: 280 creatures vanquished

Notes
Turn   | Place    | Note
-------+----------+-------------------------------------------
     0 | D:1      | MisterFreud the Formicid Gladiator began the quest for the
                  | Orb.
     0 | D:1      | Reached XP level 1. HP: 16/16 MP: 1/1
   165 | D:1      | Found a faded altar of an unknown god.
   297 | D:1      | Reached XP level 2. HP: 22/22 MP: 2/2
   635 | D:1      | Reached XP level 3. HP: 27/27 MP: 3/3
  1019 | D:2      | Reached XP level 4. HP: 30/33 MP: 4/4
  1522 | D:3      | Reached skill level 5 in Staves
  1590 | D:3      | Reached XP level 5. HP: 35/38 MP: 5/5
  1716 | D:3      | Found a hazy altar of Hepliaklqana.
  1743 | D:3      | Found a shimmering altar of Xom.
  2411 | D:4      | You fall into a shaft and drop 3 floors!
  2660 | D:7      | Found an opulent altar of Gozag.
  2662 | D:7      | Noticed a centaur
  2759 | D:6      | Noticed an orc warrior
  2875 | D:7      | Found a burning altar of Makhleb.
  2892 | D:7      | Reached XP level 6. HP: 37/46 MP: 6/6
  2999 | D:6      | Reached skill level 1 in Armour
  3165 | D:6      | HP: 2/46 [orc warrior/+0 long sword (2)]
  3166 | D:6      | You fall into a shaft and drop 1 floor!
  3485 | D:5      | Entered Level 5 of the Dungeon
  3892 | D:4      | Found a blossoming altar of Fedhas.
  4009 | D:4      | Found a broken altar of Ashenzari.
  4011 | D:4      | Found a bloodstained altar of Trog.
  4019 | D:4      | Found a hide-covered altar of Uskayaw.
  4314 | D:4      | You fall into a shaft and drop 2 floors!
  4314 | D:6      | Found a staircase to the Ecumenical Temple.
  4320 | Temple   | Entered the Ecumenical Temple
  4330 | Temple   | Became a worshipper of Yredelemnul the Dark
  4355 | D:6      | Reached XP level 7. HP: 53/53 MP: 7/7
  4365 | D:6      | Reached * piety under Yredelemnul
  4380 | D:6      | Reached skill level 5 in Fighting
  4488 | D:6      | Identified the +2 hand axe of Blood {vamp, Will+}
  4515 | D:6      | Noticed a wyvern
  4523 | D:6      | Reached ** piety under Yredelemnul
  4531 | D:6      | You fall into a shaft and drop 2 floors!
  4825 | D:8      | Reached skill level 5 in Armour
  4825 | D:8      | Reached XP level 8. HP: 62/62 MP: 8/8
  4975 | D:8      | Noticed a slime creature
  4995 | D:8      | Killed a slime creature
  5034 | D:8      | Reached skill level 1 in Invocations
  5321 | D:8      | Noticed a slime creature
  5321 | D:8      | Noticed a slime creature
  5763 | D:7      | Reached skill level 1 in Shields
  5971 | D:7      | Reached XP level 9. HP: 52/68 MP: 9/11
  6745 | D:6      | Reached *** piety under Yredelemnul
  7058 | D:6      | Reached **** piety under Yredelemnul
  7121 | D:5      | Found Xaf Azau's Book Shoppe.
  7528 | D:5      | Found an iron altar of Okawaru.
  7590 | D:5      | Found a runed translucent gate.
  7590 | D:5      | Found a runed translucent gate.
  7591 | D:5      | Found a runed translucent gate.
  7689 | D:5      | Found a radiant altar of Vehumet.
  7722 | D:5      | Noticed bworf's ghost (novice TrTm)
  7786 | D:5      | Reached skill level 5 in Invocations
  7824 | D:5      | Found Jieman's Antique Armour Boutique.
  8032 | D:8      | Noticed a two-headed ogre
  8044 | D:8      | Killed a two-headed ogre
  8045 | D:8      | Reached skill level 10 in Staves
  8045 | D:8      | Reached XP level 10. HP: 19/74 MP: 12/15
  8533 | D:8      | Reached skill level 1 in Evocations
  8739 | D:8      | Noticed Grum
  8771 | D:8      | You fall into a shaft and drop 2 floors!
  8771 | D:10     | Entered Level 10 of the Dungeon
  9181 | D:10     | Reached skill level 5 in Evocations
  9223 | D:10     | Found a staircase to the Lair.
  9247 | D:10     | Noticed an efreet
  9260 | Lair:1   | Entered Level 1 of the Lair of Beasts
  9260 | Lair:1   | Noticed Joseph
  9267 | Lair:1   | Killed Joseph
  9292 | Lair:1   | Noticed a black mamba
  9307 | Lair:1   | Killed a black mamba
  9595 | Lair:1   | Noticed a komodo dragon
  9603 | Lair:1   | Killed a komodo dragon
  9604 | Lair:1   | Reached XP level 11. HP: 79/87 MP: 17/17
  9652 | Lair:1   | Identified the +9 short sword "Temuzxoh" {flame, rElec
                  | Int+6}
 10268 | Lair:1   | Reached skill level 10 in Fighting
 10614 | Lair:1   | Reached skill level 5 in Shields
 11385 | Lair:2   | You fall into a shaft and drop 2 floors!
 11753 | Lair:4   | Noticed an elephant
 11766 | Lair:4   | Killed an elephant
 11842 | Lair:4   | Noticed an elephant
 11843 | Lair:4   | Noticed an elephant
 11847 | Lair:4   | Noticed an elephant
 11847 | Lair:4   | Noticed an elephant
 11854 | Lair:4   | Killed an elephant
 11863 | Lair:4   | Killed an elephant
 11870 | Lair:4   | Killed an elephant
 11871 | Lair:4   | Killed an elephant
 11902 | Lair:4   | Noticed a four-headed hydra
 11912 | Lair:4   | Killed a four-headed hydra
 11942 | Lair:4   | Noticed a catoblepas
 11962 | Lair:4   | You fall into a shaft and drop 1 floor!
 11962 | Lair:5   | Entered Level 5 of the Lair of Beasts
 11968 | Lair:5   | Noticed a spriggan rider
 11968 | Lair:5   | Noticed a spriggan rider
 11970 | Lair:5   | Noticed a spriggan rider
 11978 | Lair:5   | HP: 5/135 [wolf (5)]
 11979 | Lair:5   | HP: 2/135 [water moccasin (3)]
 11979 | Lair:5   | Slain by a spriggan rider

Illustrated notes

Levels and vault maps discovered:
D:1:      shiori_shiawase, layout_loops_ring,
          dreamdust_ecumenical_altar_statues, minmay_pentomino_s2
D:2:      layout_rooms, minmay_cut_off
D:3:      layout_basic, nicolae_hepliaklqana_hippocampus,
          nicolae_overflow_hidden_temple
D:4:      layout_cave_pods, kennysheep_little_box,
          gammafunk_temple_overflow_forgotten
D:5:      layout_rooms, okawaru_gym_becter, mainiacjoe_overflow_boulevard,
          gammafunk_ghost_necromancy, serial_shops, nicolae_shop_crystal,
          nicolae_square_shop, grunt_decor_cap, hangedman_abyss_or_decor_stabs
D:6:      layout_basic, minmay_temple_entry_enclosed_plants,
          gup_sewer_entry_spiral, grunt_ministairs_13,
          chequers_serial_rivers_room_b
D:7:      layout_basic, mainiacjoe_overflow_alcove_4, makhleb_grotto_becter,
          nicolae_elevator_lobby_plus
D:8:      layout_gridville, uniq_grum
D:10:     layout_basic, mainiacjoe_overflow_chevrons,
          due_lair_maze_entry_diamond, gammafunk_ghost_berserking_beasts,
          uniq_fannar
Temple:   jpeg_temple_clearing
Lair:1:   layout_regular_city, grunt_megastairs_2, uniq_joseph
Lair:2:   layout_chaotic_city, dummy_snake_entry, gammafunk_ghost_cemetery,
          ice2_lemuel, lemuel_fruit_tree, uniq_gastronok
Lair:4:   layout_hall_layers
Lair:5:   minmay_lair_end_enchanted_forest, layout_cellular_growth,
          slime_entry_1, basic_altar, nicolae_lair_run_with_the_wolves

Skill      XL: |  1  2  3  4  5  6  7  8  9 10 11 |
---------------+----------------------------------+-----
Staves         | 4 5 6 8 10 | 10.0
Armour         | 3 5 7 |  7.1
Fighting       | 3 5 8 10 | 10.0
Invocations    | 2 7 8 |  8.8
Shields        | 1 4 7 |  7.3
Evocations     | 5 6 |  6.0
Throwing       | |  2.0
Dodging        | |  2.6

Action                   |  1- 3 |  4- 6 |  7- 9 | 10-12 || total
-------------------------+-------+-------+-------+-------++-------
Melee: Quarterstaff      |    70 |   127 |   217 |   255 ||   669
       Punch             |       |       |     2 |       ||     2
Throw: Dart              |       |     2 |     8 |       ||    10
Invok: Dark Bargain      |       |       |       |     1 ||     1
 Abil: Shaft Self        |       |     2 |     1 |     3 ||     6
       Dig               |       |       |       |     1 ||     1
Evoke: Wand              |       |       |       |     3 ||     3
  Use: Scroll            |     6 |     8 |     5 |     2 ||    21
       Potion            |       |       |       |     8 ||     8
 Stab: Distracted        |       |       |     2 |     3 ||     5
Armor: Leather armour    |    31 |    42 |    22 |       ||    95
       Chain mail        |       |       |    64 |   117 ||   181
       Skin              |       |       |       |    71 ||    71
Dodge: Dodged            |    55 |    87 |   107 |    87 ||   336
Block: Buckler           |       |       |    31 |    80 ||   111
